 Dungeon Crawl Stone Soup version bcrawl-1.19.2-6-g6a88ae04c9 (webtiles) character file.

Game seed: 17450994243930637399

287 Freyura the Covered (level 6, 0/39 HPs)
             Began as a Gargoyle Fighter on Jan 5, 2020.
             Killed by divine providence
             ... invoked by an orc priest
              (12 damage)
             ... on level 4 of the Dungeon.
             The game lasted 00:08:14 (2679 turns).

Freyura the Covered (Gargoyle Fighter)              Turns: 2679, Time: 00:08:14

Health: 0/39       AC: 13    Str: 19    XL:     6   Next: 30%
Magic:  6/6        EV: 22    Int:  9    God:
Gold:   129        SH:  9    Dex: 11    Spells: 5/5 levels left

rFire    . . .     SeeInvis .   a - +0 flail
rCold    + . .     Gourm    .   c - +0 shield
rNeg     + . .     Faith    .   b - +0 scale mail
rPois    ∞         Spirit   .   t - +1 helmet
rElec    +         Reflect  .   (no cloak)
rCorr    +         Harm     .   (no gloves)
MR       .....                  (no boots)
Stlth    ..........             q - amulet of the acrobat
HPRegen  0.13/turn              j - ring of protection from cold
MPRegen  0.10/turn              r - ring of resist corrosion

@: no status effects
A: negative energy resistance 1, electricity resistance, unbreathing,
petrification resistance, rot immunity, AC +4
a: no special abilities


You were on level 4 of the Dungeon.
You were hungry.

You visited 1 branch of the dungeon, and saw 4 of its levels.

You collected 129 gold pieces.

Inventory:

Hand Weapons
 a - a +0 flail (weapon)
Armour
 b - a +0 scale mail (worn)
 c - a +0 shield (worn)
 t - a +1 helmet (worn)
Jewellery
 j - a ring of protection from cold (left hand)
 q - an amulet of the acrobat (around neck)
 r - a ring of resist corrosion (right hand)
Scrolls
 g - a scroll of remove curse
 o - a scroll of identify
Potions
 d - a potion of might
 e - a potion of magic
 h - a potion of lignification
 n - 2 potions of haste
 p - a potion of heal wounds {unknown}
 s - a potion of invisibility {unknown}
Comestibles
 f - 10 rations {!d}


   Skills:
 + Level 4.4 Fighting
 * Level 4.3 Maces & Flails
 + Level 4.5 Armour
 + Level 4.4 Shields


You had 5 spell levels left.
You didn't know any spells.
Your spell library was empty.

Dungeon Overview and Level Annotations

Branches:
Dungeon (4/12)
 Temple: D:4-7

Altars:

Shops:
D:4 %


Innate Abilities, Weirdness & Mutations

You are resistant to torment.
Your stone body is resilient. (AC +4)
You are immune to poison.
You resist negative energy. (rN+)
You are resistant to electric shocks. (rElec)
You can survive without breathing.
You are immune to petrification.
You are immune to rotting.


Message History

The orc wizard flickers and vanishes!
Deactivating autopickup; reactivate with Ctrl-A.
An orc comes into view. It is wielding a +0 whip.
The orc wizard hits you but does no damage.
The orc priest invokes the aid of Beogh against you.
Beogh smites you! You block the orc's attack.
The orc moves out of view.
You sock the orc!
You kill the orc!
The orc priest calls down the wrath of Beogh upon you.
Beogh smites you!
* * * LOW HITPOINT WARNING * * *
The orc wizard completely misses you. You block the orc wizard's attack.
You are too injured to fight recklessly!
The orc wizard gestures at you while chanting.
The puff of flame misses you.
There is a stone staircase leading up here.
You hear the slow hiss of a distant avalanche of sand.
The orc priest mumbles some strange prayers to Beogh against you.
Beogh smites you!
You die...

#....... #.......
########.......
#......#.....
#.####.#...< ##.##
#.#..#
####...###.#[.#
#.......@.o..)#
#.##...###.#...#
#.###.##...o.......
#.# #.##.#.#o..####
#.# #.##.#.##o##
#§# #.##.#.# .#
#§###......# .#
#§§§####.### ..
###§#....#


You could see 2 orc priests, an orc wizard and an orc.

Vanquished Creatures
  An ice beast (D:3)
  3 gnolls (D:3)
  4 adders
  A shadow imp (D:3)
  2 oozes
  3 worms
  A dart slug (D:1)
  3 leopard geckos
  5 orcs
  4 ball pythons
  12 giant cockroaches
  10 hobgoblins
  13 jackals
  3 quokkas
  6 bats
  2 frilled lizards
  5 goblins (D:2)
  12 kobolds
  5 rats
95 creatures vanquished.

Notes
Turn   | Place    | Note
-------+----------+-------------------------------------------
     0 | D:1      | Freyura the Gargoyle Fighter began the quest for the Orb.
     0 | D:1      | Reached XP level 1. HP: 14/14 MP: 1/1
    61 | D:1      | Reached XP level 2. HP: 3/19 MP: 2/2
   807 | D:1      | Reached XP level 3. HP: 23/23 MP: 3/3
  1226 | D:2      | Reached XP level 4. HP: 28/29 MP: 4/4
  1640 | D:3      | Reached XP level 5. HP: 17/33 MP: 5/5
  2209 | D:3      | Noticed an ice beast
  2215 | D:3      | Killed an ice beast
  2215 | D:3      | Reached XP level 6. HP: 32/39 MP: 6/6
  2642 | D:4      | Found Yfezimil's Food Shop.
  2679 | D:4      | Killed from afar by an orc priest

Skill      XL: |  1  2  3  4  5 |
---------------+----------------+-----
Maces & Flails | 3 4 |  4.3
Fighting       | 4 |  4.4
Shields        | 4 |  4.4
Armour         | 4 |  4.5

Action                   |  1- 3 |  4- 6 || total
-------------------------+-------+-------++-------
Melee: Flail             |   130 |   233 ||   363
  Use: Scroll            |       |     8 ||     8
  Eat: Chunk             |     1 |     5 ||     6
Armor: Scale mail        |   111 |   126 ||   237
Dodge: Dodged            |    58 |    85 ||   143
Block: Shield            |    96 |   155 ||   251
